 Dungeon Crawl Stone Soup version 0.27.1-3-gb3d3a73c9e (webtiles) character file.

Game seed: 17718283183682700285

44 AZSletch the Ducker (level 3, -1/28 HPs)
             Began as a Demonspawn Gladiator on Oct 6, 2021.
             Slain by Jessica (3 damage)
             ... on level 3 of the Dungeon.
             The game lasted 00:05:47 (1827 turns).

AZSletch the Ducker (Demonspawn Gladiator)          Turns: 1827, Time: 00:05:47

Health: -1/28      AC:  7    Str: 15    XL:     3   Next: 39%
Magic:  3/3        EV: 10    Int:  9    God:
Gold:   61         SH:  4    Dex: 14    Spells: 2/2 levels left

rFire    . . .     SeeInvis .   g - +3 dagger
rCold    . . .     Faith    .   (no shield)
rNeg     . . .     Spirit   .   j - +0 scale mail
rPois    .         Reflect  .   c - +0 helmet
rElec    .         Harm     .   i - scarf {+Inv}
rCorr    .         Rampage  .   (no gloves)
Will     .....                  (no boots)
Stlth    ..........             (no amulet)
HPRegen  0.09/turn              (no ring)
MPRegen  0.08/turn              (no ring)

@: slowed, very slow
A: condensation shield
a: Evoke Invisibility


You were on level 3 of the Dungeon.
You visited 1 branch of the dungeon, and saw 3 of its levels.

You collected 61 gold pieces.

Inventory:

Hand Weapons
 a - a +0 trident
 g - a +3 dagger (weapon)
Missiles
 d - 3 throwing nets (quivered)
Armour
 b - a +0 leather armour
 c - a +0 helmet (worn)
 i - a scarf of invisibility (worn)
 j - a +0 scale mail (worn)
Scrolls
 e - 2 scrolls of vulnerability {unknown}
 f - a scroll of teleportation {unknown}
 l - a scroll of blinking {unknown}
 o - a scroll of noise {unknown}
Potions
 h - a potion of might {unknown}
 k - a potion of ambrosia {unknown}
 m - a potion of flight {unknown}
 n - a potion of haste {unknown}


   Skills:
 + Level 2.6 Fighting
 - Level 3.0 Polearms
 - Level 1.7 Throwing
 + Level 1.1 Armour
 + Level 3.1 Dodging
 + Level 0.1 Hexes


You had 2 spell levels left.
You didn't know any spells.
Your spell library contained the following spells:

 Spells                   Type           Power      Damage    Failure   Level
 Tukima's Dance           Hex            0%         N/A       99%         3
 Passage of Golubria      Tloc           N/A        N/A       100%        4
 Yara's Violent Unravell  Hex/Tmut       0%         3d3       100%        5


Dungeon Overview and Level Annotations

Branches:
Dungeon (3/15)

Altars:

Annotations:
D:3 Jessica


Innate Abilities, Weirdness & Mutations

A meltable shield of frost defends you. (SH +4)


Message History

You hit the endoplasm but do no damage. You block the endoplasm's attack.
You hit the endoplasm.
You kill the endoplasm!
HP restored.
Found a quarterstaff.
Unknown command.
Unknown command.
Okay, then.
Jessica the Apprentice Sorceress comes into view.
She is wielding a +0 dagger.
Found a robe.
Jessica shouts!
An adder comes into view.
Jessica moves out of view.
Jessica casts a spell at you. Pain shoots through your body!
Jessica gestures at you while chanting. Pain shoots through your body!
Jessica points at you and mumbles some strange words.
Pain shoots through your body!
* * * LOW HITPOINT WARNING * * *
Jessica gestures at you while chanting.
You feel yourself slow down.
Jessica gestures wildly while chanting.
Jessica seems to speed up.
Jessica shouts, "You're disturbing me!
I'll have to kill you!"
Jessica gestures wildly while chanting.
Jessica blinks!
You barely miss Jessica. You block Jessica's attack.
Jessica hits you but does no damage. Jessica barely misses you.
You hit Jessica.
Jessica is heavily wounded.
The adder bites you.
* * * LOW HITPOINT WARNING * * *
Jessica hits you with a +0 dagger.
* * * LOW HITPOINT WARNING * * *
Jessica casts a spell.
Jessica blinks!
The adder closely misses you. The adder barely misses you.
Jessica barely misses you. Jessica hits you with a +0 dagger.
You die...

#.....##.# #.# #####.....##.# #.#
#....####.##.# #.# #....# #.##.#
#.# #....# #..#.# #.# #..).#
##.#.#.#.. #....# #.#.#.#.#
#....# #...#.#..
################@...######..#.#.#
...............S.@..........#.#.#
#########################.#.#.#.#
.# #.#...#.# ## #.#...... ..
#.#..>#.# S... #.#.#.#.# #.....
#.#>#.# ..... #.#.#.#


You could see an adder and Jessica (fast).

Vanquished Creatures
  5 ball pythons (D:1)
  5 endoplasms
  2 giant cockroaches (D:2)
  6 goblins
  4 hobgoblins
  3 jackals (D:1)
  3 quokkas (D:1)
  3 frilled lizards
  2 kobolds
  3 rats
36 creatures vanquished.

Vanquished Creatures (others)
  7 plants (D:1)
7 creatures vanquished.

Grand Total: 43 creatures vanquished

Notes
Turn   | Place    | Note
-------+----------+-------------------------------------------
     0 | D:1      | AZSletch the Demonspawn Gladiator began the quest for the
                  | Orb.
     0 | D:1      | Reached XP level 1. HP: 16/16 MP: 1/1
   180 | D:1      | Gained mutation: A meltable shield of frost defends you.
                  | (SH +4) [demonic ancestry]
   180 | D:1      | Reached XP level 2. HP: 22/22 MP: 2/2
   807 | D:1      | Reached XP level 3. HP: 28/28 MP: 3/3
   814 | D:1      | Reached skill level 1 in Armour
  1169 | D:2      | Found a faded altar of an unknown god.
  1802 | D:3      | Noticed Jessica
  1827 | D:3      | Slain by Jessica

Illustrated notes

Levels and vault maps discovered:
D:1:      tarquinn_simple_flora_water_a, layout_basic, minmay_crystal_room
D:2:      layout_loops_ring, hellmonk_ecumenical_altar_slurped_away
D:3:      layout_basic, nicolae_uskayaw_en_pointe, kennysheep_generic_room_3,
          uniq_jessica

Skill      XL: |  1  2  3 |
---------------+----------+-----
Polearms       | 3 |  3.0
Dodging        | 3 |  3.1
Armour         | 1 |  1.1
Fighting       | |  2.6
Throwing       | |  1.7
Hexes          | |  0.1

Action                   || total
-------------------------++-------
Melee: Trident           ||    41
       Dagger            ||    70
Armor: Leather armour    ||    20
       Scale mail        ||    12
Dodge: Dodged            ||    53
Block: Other             ||    13
